 Dungeon Crawl Stone Soup version 0.28.0 (webtiles) character file.

Game seed: 14699582630609674064

58034 jt the Green Death (level 14, -17/138 HPs)
             Began as a Naga Gladiator on Feb 11, 2022.
             Was a High Priest of Fedhas.
             Demolished by Jazqba's ghost (28 damage)
             ... on level 1 of the Lair of Beasts on Feb 12, 2022.
             The game lasted 01:08:54 (23283 turns).

jt the Green Death (Naga Gladiator)                Turns: 23283, Time: 01:08:55

Health: -17/138    AC: 16    Str: 20    XL:     14   Next: 88%
Magic:  2/17       EV: 10    Int:  9    God:    Fedhas [*****.]
Gold:   1254       SH:  0    Dex: 13    Spells: 13/13 levels left

rFire   + . .      SeeInvis +   a - +10 hand axe of the Pure Dances {elec, Int+2}
rCold   + . .      Faith    .   (no shield)
rNeg    . . .      Spirit   .   D - +0 steam dragon scales
rPois   +          Reflect  .   c - +1 helmet
rElec   .          Harm     .   R - +2 cloak {rPois}
rCorr   +          Rampage  .   T - +3 Mad Mage's Maulers {Infuse+∞ RegenMP Int-3}
Will    +++..                   (no barding)
Stlth   +++.......              k - amulet of regeneration
HPRegen 1.13/turn               r - ring of Wubros {rF+ rC+ Will++ rCorr MP-9}
MPRegen 0.55/turn               l - ring of flight

@: lethally poisoned (-17 -> -19), flying, very slow
A: AC +4, large, see invisible, deformed body, poison resistance, slowness 2,
spit poison 1, naga tail 2
a: Spit Poison, Renounce Religion, Wall of Briars, Grow Ballistomycete,
Overgrow, Grow Oklob


You were on level 1 of the Lair of Beasts.
You worshipped Fedhas.
Fedhas was extremely pleased with you.
You visited 4 branches of the dungeon, and saw 19 of its levels.
You also visited: Bailey.

You collected 1654 gold pieces.
You spent 400 gold pieces at shops.

Inventory:

Hand Weapons
 a - the +10 hand axe of the Pure Dances (weapon) {elec, Int+2}
   (You found it on level 7 of the Dungeon)

   It occasionally discharges a powerful burst of electricity upon striking a
   foe.
   Int:       It affects your intelligence (+2).
 i - a +0 hunting sling
 m - a +0 shortbow
 y - a +2 trident of protection
 A - a +0 broad axe
 B - a +0 broad axe
Missiles
 b - 72 sling bullets
 d - 3 throwing nets (quivered)
 n - 11 javelins
 p - 400 stones
 q - 11 poisoned darts
 t - 128 bolts
 u - 161 arrows
 H - 3 curare-tipped darts
Armour
 c - a +1 helmet (worn)
 s - a +0 cloak
 D - +0 steam dragon scales (worn)
 P - +0 acid dragon scales
 Q - a +1 robe of fire resistance
 R - a +2 cloak of poison resistance (worn)
 S - an orb of wrath
 T - the +3 Mad Mage's Maulers (worn) {Infuse+∞ RegenMP Int-3}
   (You bought it in a shop on level 2 of the Orcish Mines)

   It empowers its wearer's blows with all of their magic.
   It causes its wearer's magical reserves to regenerate more quickly.
   Int:       It affects your intelligence (-3).
Magical Staves
 e - a staff of fire
 w - a staff of death
Jewellery
 k - an amulet of regeneration (around neck)
 l - a ring of flight (right hand)
 o - a +6 ring of intelligence
 r - the ring of Wubros (left hand) {rF+ rC+ Will++ rCorr MP-9}
   (You found it on level 2 of the Dungeon)

   [ring of resist corrosion]

   rF:        It protects you from fire.
   rC:        It protects you from cold.
   MP:        It affects your magic capacity (-9).
   rCorr:     It protects you from acid and corrosion.
   Will:      It greatly increases your willpower.
 z - a ring of magical power
 X - a ring of ice
Wands
 h - a wand of polymorph (21)
 F - a wand of flame (6)
 L - a wand of charming (2)
Scrolls
 g - 2 scrolls of enchant weapon
 v - a scroll of silence
 E - 2 scrolls of magic mapping
 N - 3 scrolls of fog
 W - a scroll of enchant armour
 Y - 2 scrolls of torment
Potions
 f - 5 potions of brilliance
 j - 2 potions of mutation
 x - 2 potions of ambrosia
 C - a potion of haste
 G - a potion of invisibility
 J - 2 potions of cancellation
 K - 2 potions of flight
 M - 2 potions of curing
 O - a potion of magic
 U - a potion of lignification


   Skills:
 + Level 12.1 Fighting
 - Level 14.0 Axes
 - Level 6.0 Throwing
 - Level 2.4 Dodging
 - Level 5.0 Stealth
 + Level 17.7 Invocations
 - Level 5.0 Evocations


You had 13 spell levels left.
You didn't know any spells.
Your spell library contained the following spells:

 Spells                   Type           Power      Damage    Failure   Level
 Freeze                   Ice            0%         1d3       38%         1
 Ensorcelled Hibernation  Hex/Ice        0%         N/A       52%         2
 Frozen Ramparts          Ice            0%         1d2       77%         3
 Spider Form              Tmut/Pois      0%         N/A       77%         3
 Tukima's Dance           Hex            0%         N/A       77%         3
 Anguish                  Hex/Necr       0%         N/A       99%         4
 Fulminant Prism          Conj/Hex       0%         3d6       99%         4
 Hailstorm                Conj/Ice       0%         3d3       99%         4
 Iskenderun's Mystic Bla  Conj/Tloc      0%         2d3       99%         4
 Leda's Liquefaction      Hex/Erth       0%         N/A       99%         4
 Passage of Golubria      Tloc           0%         N/A       99%         4
 Lee's Rapid Deconstruct  Erth           0%         3d5*      100%        5
 Yara's Violent Unravell  Hex/Tmut       0%         3d3       100%        5
 Statue Form              Tmut/Erth      0%         N/A       100%        6


Dungeon Overview and Level Annotations

Branches:
Dungeon (12/15)            Temple (1/1) D:5            Lair (4/6) D:10
  Swamp (0/4) Lair:4       Spider (0/4) Lair:2          Orc (2/2) D:12
    Elf (0/3) Orc:2        Bailey (visited)

Altars:
Ashenzari
Fedhas
Kikubaaqudgha
Okawaru
Qazlal
Ru
Sif Muna
Trog
Uskayaw
The Shining One

Shops:
D:7 (   Orc:2 ![[=:

Annotations:
D:10 2 runed translucent doors, Suckerboh's ghost, novice DEFE
Lair:1 1 transporter, Jazqba's ghost, journeyman HOCK


Innate Abilities, Weirdness & Mutations

Your serpentine skin is tough. (AC +4)
You have supernaturally acute eyesight. (SInv)
Armour fits poorly on your strangely shaped body.
Your system is resistant to poisons. (rPois)
You cover ground very slowly.
You can spit poison.
You can use your snake-like lower body to constrict enemies.


Message History

You slash the hornet!
You feel yourself speed up.
You constrict the hornet, but do no damage.
You feel sick.
The killer bee closely misses your water moccasin.
The hornet stings you!
You are more poisoned.
The killer bee stings your water moccasin.
Your komodo dragon bites Jazqba's ghost!
The killer bee stings your water moccasin.
Your water moccasin bites the killer bee!
Jazqba's ghost hits you! Jazqba's ghost burns you.
Your water moccasin closely misses Jazqba's ghost.
The hornet stings you!
* * * LOW HITPOINT WARNING * * *
You feel yourself slow down.
You swap places.
You release your grip on the hornet.
You feel yourself speed up.
You feel very sick.
The killer bee stings your water moccasin.
Something barely misses your water moccasin.
The killer bee closely misses your water moccasin.
Something stings your water moccasin.
Your water moccasin completely misses the killer bee.
Your water moccasin bites Jazqba's ghost but does no damage.
The killer bee closely misses your water moccasin.
The hornet stings your yak.
Your yak suddenly stops moving!
Your komodo dragon completely misses Jazqba's ghost.
Something closely misses your water moccasin.
Jazqba's ghost hits you!!
* * * LOW HITPOINT WARNING * * *
Jazqba's ghost burns you.
* * * LOW HITPOINT WARNING * * *
Your water moccasin bites Jazqba's ghost but does no damage.
The hornet stings your yak.
Your komodo dragon closely misses Jazqba's ghost.
Jazqba's ghost hits you!!
You die...
Fedhas appreciates your contribution to the ecosystem.

..+.# #..............#......#...
.#P.# ##..###.###.....#......#...
....###..#########....#......#...
.....#P.###.###y###...#......#.##
....#...##..y#...##...'=.....#.##
........##.###.####...#..........
........##...#...##.....#.##.#...
........#?#!#.#Y#.#..............
........#?[#.. #@S#..#########.##
.......©#©y#$# #WY#©..# ##.##
####.#..#y.# ..#yl#..## #..# #
###..#!#.#.#y#S#..# ##.# #
#..##...#!y.##..# ### #.## #
#..####.###.##..###.#####..# #
#..##y..#...##.............. #
##..###y# #.###..###.#P...... #
#....#########...............


You could see a hornet (ally target), 2 killer bees, Jazqba's ghost (ally
target), a friendly komodo dragon (summoned), 2 friendly yaks and 2 friendly
water moccasins.

Vanquished Creatures
  An orc warlord (Orc:2)
  Snorg (Lair:3)
  A fire dragon (D:12)
  Fannar (D:11)
  4 hydras
  A boulder beetle (D:12)
  2 vault guards (Bailey)
  4 ogre magi (Orc:2)
  Erolcha (D:11)
  15 two-headed ogres
  8 death yaks
  Urug (D:10)
  Nergalle (D:10)
  An orc knight (D:12)
  An orc sorcerer (Orc:2)
  A cyclops (D:11)
  Maurice (D:9)
  A manticore (D:11)
  2 black mambas
  A gargoyle (D:10)
  8 cane toads
  2 rime drakes
  4 komodo dragons
  A queen bee (Lair:1)
  6 trolls
  2 polar bears (Lair:3)
  2 hornets
  Prince Ribbit (Bailey)
  6 slime creatures (D:12)
  12 blink frogs
  A meliai zombie (D:10)
  3 jumping spiders (Lair:2)
  A shadow (D:10)
  A culicivora (Lair:2)
  2 wraiths
  27 yaks
  5 wyverns
  A basilisk (Lair:1)
  5 steam dragons
  A redback (Lair:2)
  3 humans (Bailey)
  10 vampire mosquitoes
  5 wargs
  An acid dragon (D:10)
  A naga (Lair:2)
  14 water moccasins
  A hornet zombie (D:8)
  2 black bears
  3 sky beasts (D:10)
  2 necrophages
  17 orc warriors
  6 wolves
  5 centaurs
  29 ogres
  A phantom (D:4)
  Blork the orc (D:5)
  2 elf zombies (D:6)
  21 bullfrogs
  2 scorpions
  A gnoll sergeant (D:12)
  An elf skeleton (D:6)
  A wyvern skeleton (D:6)
  12 killer bees
  4 howler monkeys (D:12)
  An electric eel (Lair:4)
  3 centaur zombies
  2 hounds
  4 orc priests
  4 iguanas
  9 orc wizards
  A scorpion zombie (D:5)
  2 human skeletons (D:6)
  4 hell rats (D:10)
  2 hound skeletons
  3 howler monkey zombies
  14 gnolls
  2 river rats (D:10)
  3 adders
  A shadow imp (D:5)
  An ufetubus (D:4)
  An adder skeleton (D:3)
  2 worms
  54 orcs
  7 endoplasms
  A giant cockroach (D:4)
  9 goblins
  9 hobgoblins
  8 kobolds
  2 quokkas
  9 ball pythons
  4 bats
  A frilled lizard (D:3)
  2 goblin zombies (D:5)
  2 hobgoblin zombies (D:5)
  2 kobold skeletons (D:5)
  3 kobold zombies (D:5)
  An orc skeleton (D:6)
  An orc zombie (D:5)
  10 rats
  A ballistomycete spore (Bailey)
470 creatures vanquished.

Vanquished Creatures (collateral kills)
  A two-headed ogre (Orc:2)
  A death yak (Lair:4)
  77 ballistomycete spores
79 creatures vanquished.

Vanquished Creatures (others)
  An oklob plant (Lair:3)
  A centaur zombie (D:6)
  6 ballistomycete spores
  16 fungi
  23 plants
47 creatures vanquished.

Grand Total: 596 creatures vanquished

Notes
Turn   | Place    | Note
-------+----------+-------------------------------------------
     0 | D:1      | jt the Naga Gladiator began the quest for the Orb.
     0 | D:1      | Reached XP level 1. HP: 19/19 MP: 1/1
   244 | D:1      | Found a faded altar of an unknown god.
   253 | D:1      | Prayed at the altar of an unknown god.
   253 | D:1      | Became a worshipper of Fedhas Madash
   253 | D:1      | Reached * piety under Fedhas
   258 | D:1      | Reached XP level 2. HP: 24/26 MP: 2/2
  1222 | D:2      | Reached XP level 3. HP: 31/32 MP: 3/3
  1589 | D:2      | Identified the ring of Wubros {rF+ rC+ Will++ rCorr MP-9}
  1927 | D:3      | Reached ** piety under Fedhas
  1932 | D:3      | Reached XP level 4. HP: 33/39 MP: 0/4
  2426 | D:3      | Noticed a centaur
  2434 | D:3      | Killed a centaur
  2435 | D:3      | Reached skill level 5 in Axes
  2435 | D:3      | Reached XP level 5. HP: 16/45 MP: 0/5
  2700 | D:4      | Noticed a phantom
  2775 | D:4      | Noticed an ogre
  2790 | D:5      | Entered Level 5 of the Dungeon
  2941 | D:4      | Killed an ogre
  2942 | D:4      | Reached XP level 6. HP: 52/52 MP: 0/6
  2987 | D:4      | Noticed a necrophage
  2999 | D:4      | Killed a necrophage
  3099 | D:4      | Reached skill level 5 in Stealth
  3099 | D:4      | Reached XP level 7. HP: 60/60 MP: 0/7
  3720 | D:5      | Found a staircase to the Ecumenical Temple.
  3729 | Temple   | Entered the Ecumenical Temple
  4032 | D:5      | Reached XP level 8. HP: 67/67 MP: 0/8
  4163 | D:5      | Found a glowing golden altar of the Shining One.
  4167 | D:5      | Reached *** piety under Fedhas
  4537 | D:5      | Found an iron altar of Okawaru.
  4728 | D:5      | Noticed Blork the orc
  4737 | D:5      | Killed Blork the orc
  5279 | D:6      | Reached skill level 10 in Axes
  5302 | D:6      | You fall into a shaft and drop 1 floor!
  5395 | D:7      | Found a shimmering blue altar of Sif Muna.
  6122 | D:6      | Reached XP level 9. HP: 65/73 MP: 0/9
  6145 | D:6      | Reached **** piety under Fedhas
  6672 | D:7      | Noticed a troll
  7002 | D:7      | Reached skill level 1 in Invocations
  7095 | D:7      | Found Dibuko's Firing Range.
  7335 | D:7      | Noticed a moth of wrath
  7361 | D:7      | Found a bloodstained altar of Trog.
  7375 | D:7      | Identified the +10 hand axe of the Pure Dances {elec,
                  | Int+2}
  7428 | D:7      | Reached skill level 2 in Invocations
  7490 | D:7      | Reached skill level 3 in Invocations
  7724 | D:8      | Found a stormy altar of Qazlal.
  7742 | D:8      | Found a flagged portal.
  7755 | Bailey   | Entered a bailey
  7870 | Bailey   | Reached skill level 4 in Invocations
  7991 | Bailey   | Reached skill level 5 in Invocations
  8051 | Bailey   | Reached XP level 10. HP: 70/80 MP: 3/14
  8120 | Bailey   | Noticed a vault guard
  8156 | Bailey   | Killed a vault guard
  8157 | Bailey   | Reached skill level 6 in Invocations
  8379 | Bailey   | Noticed Prince Ribbit
  8397 | Bailey   | Killed Prince Ribbit
  8478 | Bailey   | Noticed a vault guard
  8499 | Bailey   | Killed a vault guard
  8500 | Bailey   | Reached skill level 7 in Invocations
  9355 | D:8      | Reached skill level 8 in Invocations
 10010 | D:9      | Reached ***** piety under Fedhas
 10016 | D:9      | Noticed Maurice
 10173 | D:9      | Reached skill level 1 in Evocations
 10337 | D:9      | Reached XP level 11. HP: 56/86 MP: 8/17
 10732 | D:9      | Killed Maurice
 10733 | D:9      | Reached skill level 9 in Invocations
 10879 | D:9      | Found an ancient bone altar of Kikubaaqudgha.
 11003 | D:10     | Entered Level 10 of the Dungeon
 11003 | D:10     | Noticed Urug
 11282 | D:10     | Noticed Nergalle
 11513 | D:10     | Noticed a death yak
 11724 | D:10     | Killed Nergalle
 11725 | D:10     | Reached skill level 10 in Invocations
 11762 | D:10     | Found a runed translucent door.
 11766 | D:10     | Noticed a skeletal warrior
 11767 | D:10     | Found a runed translucent door.
 11767 | D:10     | Noticed a wolf spider
 11769 | D:10     | Noticed a catoblepas
 11772 | D:10     | Noticed a lich
 11781 | D:10     | Noticed a necromancer
 11781 | D:10     | Noticed Suckerboh's ghost (novice DEFE)
 11824 | D:10     | Noticed a death yak
 11832 | D:10     | Noticed a death yak
 11840 | D:10     | Killed a death yak
 11841 | D:10     | Reached skill level 5 in Evocations
 12250 | D:10     | Killed Urug
 12251 | D:10     | Reached skill level 11 in Invocations
 12496 | D:10     | Noticed a two-headed ogre
 12504 | D:10     | Killed a two-headed ogre
 12546 | D:10     | Killed a death yak
 12555 | D:10     | Killed a death yak
 12556 | D:10     | Reached skill level 12 in Invocations
 12773 | D:10     | Found a staircase to the Lair.
 13102 | Lair:1   | Entered Level 1 of the Lair of Beasts
 13121 | Lair:1   | Reached XP level 12. HP: 92/93 MP: 12/21
 13504 | Lair:1   | Noticed Jazqba's ghost (journeyman HOCK)
 13510 | Lair:1   | Found a transporter.
 13512 | Lair:1   | Found a transporter.
 14019 | Lair:1   | Reached skill level 13 in Invocations
 14240 | Lair:2   | Noticed a six-headed hydra
 14796 | Lair:2   | Noticed a seven-headed hydra
 14832 | Lair:2   | Killed a seven-headed hydra
 15302 | Lair:2   | Found a hole to the Spider Nest.
 15442 | Lair:2   | Reached skill level 5 in Fighting
 15536 | Lair:2   | Noticed Sonja
 15537 | Lair:2   | Noticed Sonja
 15537 | Lair:2   | Sonja changed into Sonja the naga
 15543 | Lair:2   | Killed Sonja the naga
 15740 | Lair:2   | Killed a six-headed hydra
 16005 | Lair:3   | Noticed a four-headed hydra
 16020 | Lair:3   | Killed a four-headed hydra
 16040 | Lair:3   | Reached skill level 14 in Invocations
 16645 | Lair:3   | Gained mutation: You can use your snake-like lower body to
                  | constrict enemies. [Naga growth]
 16645 | Lair:3   | Reached XP level 13. HP: 70/114 MP: 14/23
 16761 | Lair:3   | Noticed Snorg
 16772 | Lair:3   | Killed Snorg
 17697 | Lair:4   | Reached skill level 5 in Throwing
 18129 | Lair:4   | Found a staircase to the Swamp.
 18490 | Lair:4   | Reached skill level 15 in Invocations
 19944 | D:11     | Noticed Fannar
 19954 | D:11     | Killed Fannar
 20192 | D:11     | Noticed Erolcha
 20211 | D:11     | Killed Erolcha
 20613 | D:12     | Found a staircase to the Orcish Mines.
 20624 | D:12     | Reached skill level 16 in Invocations
 20629 | D:12     | Reached XP level 14. HP: 57/130 MP: 11/26
 20922 | Orc:1    | Entered Level 1 of the Orcish Mines
 20929 | Orc:1    | Reached skill level 10 in Fighting
 21074 | Orc:2    | Entered Level 2 of the Orcish Mines
 21074 | Orc:2    | Found Cinuquo's Self-Improvement Boutique.
 21254 | Orc:2    | Noticed an orc warlord
 21267 | Orc:2    | Killed an orc warlord
 21487 | Orc:2    | Found a staircase to the Elven Halls.
 21556 | Orc:2    | Reached skill level 17 in Invocations
 21826 | Orc:2    | Found Gemetah's Distillery.
 21826 | Orc:2    | Found Migofacs's Armour Shoppe.
 21828 | Orc:2    | Found Vyozaodd's Armour Shoppe.
 21828 | Orc:2    | Found Diysad's Jewellery Boutique.
 21869 | Orc:2    | Bought the +3 Mad Mage's Maulers {Infuse+∞ RegenMP Int-3}
                  | for 400 gold pieces
 21869 | Orc:2    | Found the +3 Mad Mage's Maulers {Infuse+∞ RegenMP Int-3}
 23283 | Lair:1   | Demolished by Jazqba's ghost

Illustrated notes

Levels and vault maps discovered:
D:1:      ncdulo_wetmaze, layout_basic, hellmonk_ecumenical_altar_lost_god
D:2:      layout_loops_cross
D:3:      layout_loops_ring, st_stairs_8
D:4:      layout_rooms, kennysheep_minor_cross, kennysheep_decorative_pillar
D:5:      layout_basic, okawaru_trees_2, nicolae_tso_besieged_by_evil,
          minmay_temple_entry_gardened_gates, uniq_blork_the_orc
D:6:      layout_loops_ring, nicolae_ossuary_entry_catacombs,
          lemuel_flame_loot_1
D:7:      layout_loops_corners, old_standard_altar, tgw_trog,
          nicolae_shop_firing_range
D:8:      nicolae_cairo_tiling, layout_basic, overflow_temple_1_default,
          enter_bailey_3
D:9:      layout_irregular_city, mainiacjoe_overflow_small_starburst,
          hangedman_decor_slide_cut, uniq_maurice
D:10:     layout_roguey, dpeg_lair_monsters, muffindrake_ghost_dual_entry,
          hangedman_misty_isle, uniq_nergalle, uniq_urug
D:11:     layout_grid_maze, uniq_fannar, uniq_erolcha
D:12:     layout_basic, orc_david_3, kennysheep_nondescript
Temple:   eino_temple_scatter_basement
Lair:1:   layout_chaotic_city, gammafunk_ghost_hive, serial_bayou_crossing,
          grunt_megastairs_3, lemuel_fruit_tree
Lair:2:   layout_regular_city, nicolae_spider_entry_tight_spaces, uniq_sonja
Lair:3:   layout_misc_corridors, uniq_snorg
Lair:4:   layout_roguey, minmay_swamp_entry_swarm, grunt_megastairs_1,
          uniq_josephine
Orc:1:    layout_caves, nicolae_orc_damp_corner
Orc:2:    st_orc_ogre_mass, layout_diamond_mine, nicolae_shop_self_help

Skill      XL: |  1  2  3  4  5  6  7  8  9 10 11 12 13 14 |
---------------+-------------------------------------------+-----
Axes           | 4 5 6 7 8 11 12 13 14 | 14.0
Stealth        | 2 5 |  5.0
Invocations    | 5 8 12 14 16 17 | 17.7
Evocations     | 1 5 |  5.0
Fighting       | 6 9 12 | 12.1
Throwing       | 4 6 |  6.0
Dodging        | |  2.4

Action                   |  1- 3 |  4- 6 |  7- 9 | 10-12 | 13-15 || total
-------------------------+-------+-------+-------+-------+-------++-------
Melee: War axe           |    58 |    46 |   296 |       |       ||   400
       Punch             |       |       |     5 |     2 |     7 ||    14
       Hand axe          |       |       |    58 |   396 |   345 ||   799
       Trident           |       |       |       |    11 |    79 ||    90
       Constrict         |       |       |       |       |    85 ||    85
 Fire: Hunting sling     |       |       |     3 |     4 |     7 ||    14
Throw: Javelin           |       |     1 |     3 |     8 |     4 ||    16
       Dart              |       |       |       |    29 |    13 ||    42
       Stone             |       |       |       |       |    10 ||    10
Invok: Grow Ballistomyce |       |       |       |     6 |    15 ||    21
       Wall of Briars    |       |       |       |       |     6 ||     6
 Abil: Spit Poison       |    25 |    10 |    31 |    71 |    56 ||   193
Evoke: Wand              |       |       |       |    11 |     1 ||    12
  Use: Scroll            |     5 |     2 |     4 |    12 |     4 ||    27
       Potion            |       |     7 |       |     8 |     2 ||    17
 Stab: Sleeping          |       |       |     5 |     3 |     1 ||     9
       Confused          |       |       |       |     3 |     7 ||    10
Armor: Leather armour    |    17 |    21 |    88 |       |       ||   126
       Skin              |       |    12 |       |       |       ||    12
       Steam dragon scal |       |       |    22 |   108 |   143 ||   273
Dodge: Dodged            |    25 |    27 |   159 |   115 |   176 ||   502
